 Dungeon Crawl Stone Soup version 0.31-a0-187-gba352fbbf7 (webtiles) character file.

Game seed: 6670879573966534201

48 qw the Shooter (level 3, -10/20 HPs)
             Began as a Deep Elf Hunter on June 22, 2023.
             Mangled by a gnoll
             ... wielding a +0 halberd
              (13 damage)
             ... on level 3 of the Dungeon.
             The game lasted 00:00:29 (1158 turns).

qw the Shooter (Deep Elf Hunter)                    Turns: 1158, Time: 00:00:30

Health: -10/20     AC:  6    Str: 10    XL:     3   Next: 50%
Magic:  5/5        EV: 11    Int: 13    God:
Gold:   112        SH:  0    Dex: 18    Spells: 2/2 levels left

rFire   . . .        Y - +0 shortbow
rCold   . . .        (shield currently unavailable)
rNeg    . . .        e - +0 ring mail
rPois   .            (no helmet)
rElec   .            i - +0 cloak
rCorr   .            (no gloves)
SInv    .            (no boots)
Will    +....        (no amulet)
Stlth   +            c - ring of willpower
HPRegen 0.23/turn    (no ring)
MPRegen 0.09/turn

%: no passive effects
@: no status effects
A: no striking features
a: no special abilities


You were on level 3 of the Dungeon.
You visited 1 branch of the dungeon, and saw 3 of its levels.

You collected 112 gold pieces.


   Skills:
 - Level 1.5 Fighting
 + Level 7.0 Ranged Weapons
 - Level 2.4 Dodging
 - Level 1.2 Stealth


You had 2 spell levels left.
You didn't know any spells.
Your spell library was empty.

Inventory:

Hand Weapons
 Y - a +0 shortbow (weapon)
Armour
 e - a +0 ring mail (worn)
 i - a +0 cloak (worn)
Jewellery
 c - a ring of willpower (left hand)
Potions
 a - a potion of degeneration {unknown}
 b - a potion of haste {unknown}
 d - a potion of enlightenment {unknown}
 f - a potion of brilliance {unknown}
 l - a potion of curing
 m - a potion of ambrosia {unknown}
 n - a potion of invisibility {unknown}
 o - a potion of lignification {unknown}

Dungeon Overview and Level Annotations

Branches:
Dungeon (3/15)

Altars:

Shops:
D:1 ?

Annotations:
D:3 exclusion: gnoll


Message History

The goblin is heavily wounded.
You shoot an arrow. The arrow hits the goblin.
You kill the goblin!
Found 3 stones.
f - a red potion You now have 112 gold pieces (gained 2). 2 gnolls come into view.
The gnoll shouts! x2
The gnoll moves out of view.
You shoot an arrow. The arrow barely misses the gnoll.
You shoot an arrow. The arrow hits the gnoll!
The gnoll is severely wounded.
You shoot an arrow. The arrow hits the gnoll!
You kill the gnoll!
Your Ranged Weapons skill increases to level 7!
You shoot an arrow. The arrow completely misses the gnoll.
The gnoll hits you from afar with a +0 halberd!
Ouch! That really hurt!
The gnoll misses you. The gnoll hits you but does no damage.
The gnoll attacks as you move away! The gnoll misses you.
The gnoll closely misses you.
1151 ||| FLEEEEING.
1152 ||| FLEEEEING.
1153 ||| FLEEEEING.
1154 ||| FLEEEEING.
1155 ||| FLEEEEING.
A hobgoblin comes into view.
Found a falchion, 12 gold pieces and a scroll of identify.
Enter note:
1156 ||| FLEEEEING.
The gnoll hits you from afar with a +0 halberd!
Enter note:
1157 ||| FLEEEEING.
Enter note:
Enter note:
1158 ||| FLEEEEING.
The gnoll hits you with a +0 halberd!
Ouch! That really hurt!
You die...

##......#..
..##.........###.
...$......)...?...
.................#
............)..... #
................# .##
................##..#
....................##
#g........@..........##
....##..g............#
.# ##.....<.........#
.##................#
#.........##.......##
#.###......##.......# #
#...............#
#.....##.)......#
####.###.......##


You could see a gnoll.

Vanquished Creatures
  A gnoll (D:3)
  2 worms (D:2)
  3 bats
  An endoplasm (D:2)
  A giant cockroach (D:2)
  4 goblins
  2 hobgoblins
  9 kobolds
  2 quokkas
  2 ball pythons
  A frilled lizard (D:1)
  3 rats (D:2)
31 creatures vanquished.

Notes
Turn   | Place    | Note
-------+----------+-------------------------------------------
     0 | D:1      | qw the Deep Elf Hunter began the quest for the Orb.
     0 | D:1      | Reached XP level 1. HP: 12/12 MP: 3/3
     0 | D:1      | 0 ||| qw: Version: 0.3-a-9-g12657ce
     0 | D:1      | 0 ||| qw: Game counter: 2671
     0 | D:1      | 0 ||| qw: Always use a shield: true
     0 | D:1      | 0 ||| qw: God list: Okawaru
     0 | D:1      | 0 ||| qw: Allow faded altars: false
     0 | D:1      | 0 ||| qw: Do Orc after D:15 true
     0 | D:1      | 0 ||| qw: Do second Lair branch before Depths: true
     0 | D:1      | 0 ||| qw: Lair rune preference: random
     0 | D:1      | 0 ||| qw: Plans: Normal
     0 | D:1      | 0 ||| PLANNING D:1-11
   177 | D:1      | Reached XP level 2. HP: 13/16 MP: 4/4
   202 | D:1      | Reached skill level 6 in Ranged Weapons
   258 | D:1      | Found Gedopog's Magic Scroll Shop.
   266 | D:1      | 266 ||| SHOPLISTING 2 scrolls of enchant armour (210 gold,
                  | have 21).
   266 | D:1      | 266 ||| SHOPLISTING 3 scrolls of identify (84 gold, have
                  | 21).
   266 | D:1      | 266 ||| SHOPLISTING scroll of acquirement (728 gold, have
                  | 21).
   266 | D:1      | 266 ||| SHOPLISTING scroll of brand weapon (133 gold, have
                  | 21).
   266 | D:1      | 266 ||| SHOPLISTING scroll of identify (28 gold, have 21).
   455 | D:1      | 455 ||| UPGRADING to +0 ring mail.
   465 | D:1      | 465 ||| DROPPING +0 leather armour.
   466 | D:1      | 466 ||| UPGRADING to +0 cloak.
   471 | D:1      | 471 ||| READING scroll labelled BYIBEK APUAXYXIPT.
   472 | D:1      | 472 ||| READING 3 scrolls labelled HUD CIOPPAJILI.
   473 | D:1      | 473 ||| READING scroll labelled PUFEOD XANUMP.
   474 | D:1      | 474 ||| READING scroll labelled BUIRUE GEIR.
   475 | D:1      | 475 ||| READING scroll labelled KUKOPS ACZU.
   476 | D:1      | 476 ||| READING scroll labelled HEKYEW NITOM.
   477 | D:1      | 477 ||| DROPPING scroll of butterflies.
   478 | D:1      | 478 ||| DROPPING 2 scrolls of revelation.
   612 | D:2      | 612 ||| UPGRADING to ring of willpower.
   613 | D:2      | 613 ||| READING scroll labelled SIOGHE TIXIC PINU.
   614 | D:2      | 614 ||| DRINKING 2 coppery potions.
   890 | D:2      | Reached XP level 3. HP: 20/20 MP: 5/5
  1099 | D:2      | 1099 ||| READING scroll labelled AXIESI CETUAL.
  1144 | D:3      | Reached skill level 7 in Ranged Weapons
  1151 | D:3      | 1151 ||| FLEEEEING.
  1152 | D:3      | 1152 ||| FLEEEEING.
  1153 | D:3      | 1153 ||| FLEEEEING.
  1154 | D:3      | 1154 ||| FLEEEEING.
  1155 | D:3      | 1155 ||| FLEEEEING.
  1156 | D:3      | 1156 ||| FLEEEEING.
  1156 | D:3      | HP: 3/20 [gnoll/+0 halberd (9)]
  1157 | D:3      | 1157 ||| FLEEEEING.
  1158 | D:3      | 1158 ||| FLEEEEING.
  1158 | D:3      | Mangled by a gnoll

Levels and vault maps discovered:
D:1:      psy_arrival_whirlpool, layout_basic, serial_shops, shop,
          amcnicky_mini_corridor_feature
D:2:      layout_loops_cross, minmay_pentomino_p4
D:3:      layout_rooms, grunt_temple_overflow_bloody_war,
          mainiacjoe_overflow_alcove_2, basic_ecumenical_altar, uniq_ijyb

Skill      XL: |  1  2  3 |
---------------+----------+-----
Ranged Weapons | 6 7 |  7.0
Fighting       | |  1.5
Dodging        | |  2.4
Stealth        | |  1.2

Action                     || total
---------------------------++-------
   Fire: Shortbow          ||    66
    Use: Scroll            ||     8
         Potion            ||     1
 Armour: Ring mail         ||     7
  Dodge: Dodged            ||     9

Table legend:
 A = Non-vault XP
 B = Vault XP
 C = Vault XP percentage of total XP
 D = Non-vault monster count
 E = Vault monster count
 F = Vault count percentage of total count
                 A         B        C        D         E       F
            +---------+---------+-------+---------+---------+-------
      Total |      64 |       5 |   7.2 |      28 |       3 |   9.7
            +---------+---------+-------+---------+---------+-------
        D:1 |      18 |       0 |   0.0 |      11 |       0 |   0.0
        D:2 |      30 |       5 |  14.3 |      15 |       3 |  16.7
        D:3 |      16 |       0 |   0.0 |       2 |       0 |   0.0
            +---------+---------+-------+---------+---------+-------
